AoeStats
← Dark | NotAdam

Arabian Desert

509755116Analyzed
1v1 RM · 5d ago on Sep 27, 2026· 36m 10s· 2 players
Game mode
Random Map
Map size
Tiny (2 player)
Population
200
Speed
Normal
Resources
Standard
Victory
Conquest
Starting age
Dark Age
Ending age
Imperial Age
RankedLock teamsTeams togetherTeam positionsShared explorationLock speedFull tech treeHidden civsTurbo modeCheats
Victory
Defeat
🇲🇽 Vikings · Mexico
2035
+17
🇨🇱 Varangians · Chile
2054
-17
Dark | NotAdam
6:05 Loom
8:36 Feudal Age
9:50 Man-at-Arms
15:20 Double-Bit Axe
16:05 Padded Archer Armor
15:56 Fletching
16:37 Fletching
22:15 Castle Age
20:36 Padded Archer Armor
20:21 Horse Collar
22:11 Gold Mining
22:18 Crossbowman
22:53 Bodkin Arrow
24:01 Ballistics
25:59 Leather Archer Armor
27:27 Gold Shaft Mining
35:47 Imperial Age
33:56 Heavy Plow
33:47 Stone Mining
35:54 Arbalester
36:35 Bracer
LLaRLLi
6:12 Loom
8:24 Feudal Age
8:53 Double-Bit Axe
9:56 Horse Collar
15:18 Fletching
16:57 Bloodlines
23:11 Castle Age
21:29 Gold Mining
22:34 Padded Archer Armor
23:13 Crossbowman
23:49 Bodkin Arrow
25:53 Leather Archer Armor
25:50 Bow Saw
26:55 Ballistics
30:06 Scale Barding Armor
35:19 Wheelbarrow
35:33 Chain Barding Armor
Connection lost

Rejoining the realm…

Still unreachable

The connection could not be restored.

Session expired

The server has moved on; the page needs a fresh start.